 Dungeon Crawl Stone Soup version 0.31-a0-261-g072fdb8a1f (webtiles) character file.

Game seed: 12115509279227648400

18 qw the Shooter (level 2, 0/16 HPs)
             Began as a Gargoyle Hexslinger on July 13, 2023.
             Slain by an adder (2 damage)
             ... on level 1 of the Dungeon.
             The game lasted 00:00:16 (664 turns).

qw the Shooter (Gargoyle Hexslinger)                 Turns: 664, Time: 00:00:16

Health: 0/16       AC:  5    Str: 11    XL:     2   Next: 70%
Magic:  3/3        EV: 16    Int: 13    God:
Gold:   71         SH:  0    Dex: 12    Spells: 2/3 levels left

rFire   . . .        Y - +1 sling
rCold   . . .        (no shield)
rNeg    + . .        l - +0 leather armour
rPois   inf          (no helmet)
rElec   +            (no cloak)
rCorr   .            (no gloves)
SInv    .            (no boots)
Will    .....        (no amulet)
Stlth   +            k - +5 ring of evasion
HPRegen 0.22/turn    (no ring)
MPRegen 0.08/turn

%: no passive effects
@: no status effects
A: sickness immunity, AC +2, negative energy resistance 1, electricity
resistance, torment resistance 1, petrification resistance
a: no special abilities


You were on level 1 of the Dungeon.
You visited 1 branch of the dungeon, and saw 2 of its levels.

You collected 71 gold pieces.


Innate Abilities, Weirdness & Mutations

You are immune to sickness and miasma.
Your stone body is resilient. (AC +2)
You are immune to poison.
You resist negative energy. (rN+)
You are resistant to electric shocks. (rElec)
You are resistant to unholy torment.
You are immune to petrification.


   Skills:
 + Level 1.5 Fighting
 - Level 3.0 Ranged Weapons
 - Level 1.5 Dodging
 - Level 1.0 Spellcasting
 - Level 2.6 Hexes


You had 2 spell levels left.
You knew the following spells:

 Your Spells              Type           Power      Damage    Failure   Level
a - Slow                  Hex            28%        N/A       12%         1

Your spell library contained the following spells:

 Spells                   Type           Power      Damage    Failure   Level
 Inner Flame              Hex/Fire       4%         N/A       54%         3
 Portal Projectile        Hex/Tloc       8%         N/A       54%         3
 Cause Fear               Hex            3%         N/A       77%         4

Inventory:

Hand Weapons
 Y - a +1 sling (weapon)
Armour
 l - a +0 leather armour (worn)
Jewellery
 k - a +5 ring of evasion (left hand)
Potions
 f - a potion of mutation {unknown}
 g - a potion of heal wounds {unknown}
 j - a potion of magic {unknown}

Dungeon Overview and Level Annotations

Branches:
Dungeon (2/15)

Altars:


Message History

The kobold barely misses you. The adder bites you.
You climb upwards.
There is a stone staircase leading down here.
You shoot a sling bullet.
The sling bullet closely misses the adder.
The adder bites you but does no damage. The kobold barely misses you.
The adder closely misses you. The kobold hits you with a +0 dagger.
You shoot a sling bullet.
The sling bullet barely misses the adder.
The adder closely misses you. The kobold hits you but does no damage.
You shoot a sling bullet. The sling bullet hits the adder.
The adder is lightly wounded.
The adder barely misses you. The kobold hits you but does no damage.
The adder misses you.
You shoot a sling bullet.
The sling bullet closely misses the adder.
The adder barely misses you. The kobold hits you with a +0 dagger.
The adder bites you. The kobold misses you.
You shoot a sling bullet.
The sling bullet barely misses the adder.
The adder bites you. The kobold closely misses you.
You shoot a sling bullet.
The sling bullet closely misses the adder.
The adder bites you but does no damage. The kobold misses you.
The adder barely misses you.
You shoot a sling bullet.
The sling bullet closely misses the adder.
The adder bites you but does no damage. The kobold completely misses you.
The adder barely misses you.
You shoot a sling bullet. The sling bullet hits the adder.
The adder is moderately wounded.
The kobold closely misses you. The adder barely misses you.
The kobold closely misses you.
You shoot a sling bullet.
The sling bullet barely misses the adder.
The adder bites you. The kobold barely misses you. The adder barely misses you.
You shoot a sling bullet.
The sling bullet closely misses the adder.
The adder bites you.
You die...

.##.##......###..##.# #....#
###...#..#...##...r.# ####.# #
#...##......#..#### #.#
###...#######.#.).# #.# #.....#
#.....### #.# #.#...# #.......###
#.## #.#...# ###...#...## #..#
#...### #S.K###..####..####
....###########.@.####.#...%.....
......%................#.........
....###########.########.........
>...# #.# #......... ..### #.#
#......... ### #.# #.........
##.### #......... ##### #....#
#......... .%..# #....#
#........(


You could see an adder and a kobold.

Vanquished Creatures
  A dart slug (D:1)
  A ball python (D:1)
  A bat (D:1)
  An endoplasm (D:1)
  2 goblins (D:1)
  A hobgoblin (D:1)
  3 jackals (D:1)
  A frilled lizard (D:1)
  2 kobolds (D:1)
  2 rats (D:1)
15 creatures vanquished.

Notes
Turn   | Place    | Note
-------+----------+-------------------------------------------
     0 | D:1      | qw the Gargoyle Hexslinger began the quest for the Orb.
     0 | D:1      | Reached XP level 1. HP: 12/12 MP: 2/2
     0 | D:1      | 0 ||| qw: Version: 0.3-a-52-g30416fa
     0 | D:1      | 0 ||| qw: Game counter: 7022
     0 | D:1      | 0 ||| qw: Melee chars always use a shield: true
     0 | D:1      | 0 ||| qw: God list: Okawaru
     0 | D:1      | 0 ||| qw: Allow faded altars: false
     0 | D:1      | 0 ||| qw: Do Orc after clearing Dungeon:15 true
     0 | D:1      | 0 ||| qw: Do second Lair branch before Depths: true
     0 | D:1      | 0 ||| qw: Lair rune preference: random
     0 | D:1      | 0 ||| qw: Goals: Normal
     0 | D:1      | 0 ||| PLANNING D:1-11
   108 | D:1      | Reached XP level 2. HP: 16/16 MP: 3/3
   290 | D:1      | Reached skill level 3 in Ranged Weapons
   596 | D:1      | 596 ||| UPGRADING to +0 leather armour.
   606 | D:1      | 606 ||| DROPPING +0 robe.
   607 | D:1      | 607 ||| UPGRADING to +5 ring of evasion.
   608 | D:1      | 608 ||| READING scroll labelled PIGEF NEACIRGH.
   609 | D:1      | 609 ||| READING scroll labelled SIDAJ RIJABBOPH.
   610 | D:1      | 610 ||| READING scroll labelled GALORCHAMIA.
   611 | D:1      | 611 ||| READING scroll labelled ABUDGH ADAIG.
   612 | D:1      | 612 ||| READING scroll labelled GAREOD KOKKYFOM.
   613 | D:1      | 613 ||| DROPPING scroll of poison.
   653 | D:2      | 653 ||| STAIRDANCE
   658 | D:1      | HP: 4/16 [adder (1)]
   663 | D:1      | HP: 2/16 [adder (2)]
   664 | D:1      | Slain by an adder

Levels and vault maps discovered:
D:1:      roderic_octagonal_star, layout_rooms, patterned_corridor
D:2:      layout_loops_ring, minmay_pentomino_s4

Skill      XL: |  1  2 |
---------------+-------+-----
Ranged Weapons | 3 |  3.0
Fighting       | |  1.5
Dodging        | |  1.5
Spellcasting   | |  1.0
Hexes          | |  2.6

Action                     || total
---------------------------++-------
   Fire: Sling             ||    56
    Use: Scroll            ||     5
 Armour: Robe              ||     8
         Leather armour    ||     7
  Dodge: Dodged            ||    53

Table legend:
 A = Non-vault XP
 B = Vault XP
 C = Vault XP percentage of total XP
 D = Non-vault monster count
 E = Vault monster count
 F = Vault count percentage of total count
                 A         B        C        D         E       F
            +---------+---------+-------+---------+---------+-------
      Total |      27 |       0 |   0.0 |      15 |       0 |   0.0
            +---------+---------+-------+---------+---------+-------
        D:1 |      27 |       0 |   0.0 |      15 |       0 |   0.0
            +---------+---------+-------+---------+---------+-------
